cohdb
Replays
Latest Replays
All Replays
Popular Replays
Top Player Replays
Match Explorer
How It Works
Community
CoH3 Stats
Reddit
Sign in to upload your games and track your stats! →
Sign in with Steam
septi
Match 16533754
Overview
Messages
Build Orders
End
Selects Special Operations Battlegroup
Selects M29 Weasel Recon Vehicle
M29 Weasel Recon Vehicle
Construct Barracks
Riflemen Squad
Riflemen Squad
Grenade Package
Infantry Support Center
M1 Mortar Team
Construct Medical Station
M1918 Browning Automatic Rifles
Engineer Squad
Selects Raiding Flares
Construct Motor Pool
Selects SSF Commando Squad
SSF Commando Squad
Raiding Flares
Septimum
bunkerbuster
Haxses
ST Hélios | No Game No Life
0
0
Comments
sign in to comment!
No comments posted yet!